 Dungeon Crawl Stone Soup version 0.29-a0-541-gaf1fc19f1b (webtiles) character file.

Game seed: 8358947523823379718

10271 happo123 the Covert (level 11, -15/66 HPs)
             Began as a Kobold Enchanter on June 2, 2022.
             Was an Elder of Dithmenos.
             Demolished by an orc warlord
             ... wielding a +0 war axe
              (22 damage)
             ... on level 1 of the Orcish Mines.
             The game lasted 00:53:00 (13291 turns).

happo123 the Covert (Kobold Enchanter)             Turns: 13291, Time: 00:53:00

Health: -15/66     AC: 11    Str:  6    XL:     11   Next: 89%
Magic:  14/20      EV: 17    Int: 20    God:    Dithmenos [****..]
Gold:   793        SH:  5    Dex: 16    Spells: 11/22 levels left

rFire   . . .      SeeInvis .   z - +3 dagger (protect)
rCold   . . .      Faith    .   U - orb {mayhem}
rNeg    . . .      Spirit   .   P - +0 troll leather armour
rPois   .          Reflect  +   L - +0 helmet
rElec   .          Harm     .   d - +0 cloak
rCorr   .          Rampage  .   (no gloves)
Will    .....                   C - +0 pair of boots
Stlth   +++++++...              w - amulet of reflection
HPRegen 1.01/turn               n - ring of wizardry
MPRegen 0.17/turn               a - +4 ring of protection

@: confusing by touch, wreathed by umbra, invisible
A: small, no large weapons, nightstalker 3
a: Renounce Religion, Shadow Step


You were on level 1 of the Orcish Mines.
You worshipped Dithmenos.
Dithmenos was greatly pleased with you.
You visited 3 branches of the dungeon, and saw 12 of its levels.
You also visited: Bailey.

You collected 793 gold pieces.

Inventory:

Hand Weapons
 t - a +2 short sword of draining
 z - a +3 dagger of protection (weapon)
Armour
 d - a +0 cloak (worn)
 C - a +0 pair of boots (worn)
 H - the +0 robe of the Loofah {rC+++ Str-5 Int-5}
   (You found it in a bailey)

   Str:       It affects your strength (-5).
   Int:       It affects your intelligence (-5).
   rC:        It renders you almost immune to cold.
 L - a +0 helmet (worn)
 P - a +0 troll leather armour (worn)
 U - an orb of mayhem (worn)
Jewellery
 a - a +4 ring of protection (right hand)
 n - a ring of wizardry (left hand)
 w - an amulet of reflection (around neck)
 A - an amulet of guardian spirit
 D - a ring of flight
 I - a ring of fire
 J - a ring of positive energy
 Q - a ring of see invisible
Wands
 R - a wand of polymorph (11)
 S - a wand of paralysis (7)
 T - a wand of charming (5)
Scrolls
 b - a scroll of silence {unknown}
 f - 2 scrolls of poison
 i - 2 scrolls of torment
 l - a scroll of identify
 m - 3 scrolls of immolation
 o - 2 scrolls of fear
 p - a scroll of vulnerability {unknown}
 r - a scroll of brand weapon {unknown}
 s - 3 scrolls of enchant weapon
 u - 2 scrolls of summoning
 v - a scroll of magic mapping {unknown}
 y - 5 scrolls of teleportation
 M - a scroll of enchant armour {unknown}
 N - a scroll of amnesia
 O - 3 scrolls of fog
Potions
 c - 2 potions of invisibility
 e - 4 potions of curing
 g - 4 potions of might
 h - 3 potions of attraction
 j - 2 potions of magic {unknown}
 k - 3 potions of degeneration {unknown}
 q - a potion of berserk rage {unknown}
 x - 3 potions of brilliance
 B - a potion of lignification {unknown}
 E - 3 potions of mutation {unknown}
 F - 2 potions of ambrosia {unknown}
 G - a potion of flight {unknown}
 K - a potion of heal wounds {unknown}


   Skills:
 + Level 6.5 Fighting
 + Level 7.9 Short Blades
 + Level 1.2 Armour
 + Level 7.6 Dodging
 + Level 9.4 Stealth
 + Level 6.4 Spellcasting
 + Level 2.0 Conjurations
 * Level 9.3 Hexes
 - Level 5.0 Ice Magic
 + Level 5.8 Invocations


You had 11 spell levels left.
You knew the following spells:

 Your Spells              Type           Power      Damage    Failure   Level
a - Ensorcelled Hibernat  Hex/Ice        70%        N/A       1%          2
b - Confusing Touch       Hex            43%        N/A       1%          3
c - Tukima's Dance        Hex            43%        N/A       1%          3
d - Dazzling Flash        Conj/Hex       58%        N/A       1%          3

Your spell library contained the following spells:

 Spells                   Type           Power      Damage    Failure   Level
 Magic Dart               Conj           56%        1d5       2%          1
 Inner Flame              Hex/Fire       25%        N/A       2%          3
 Foxfire                  Conj/Fire      40%        2x1d6     4%          1
 Static Discharge         Conj/Air       10%        N/A       6%          2
 Call Imp                 Summ           6%         N/A       10%         2
 Sublimation of Blood     Necr           6%         N/A       10%         2
 Conjure Flame            Conj/Fire      10%        6-21      12%         3
 Mephitic Cloud           Conj/Pois/Air  9%         N/A       14%         3
 Ignite Poison            Fire/Tmut/Pois 6%         N/A       19%         3
 Flame Wave               Conj/Fire      10%        2d5       38%         4
 Sticky Flame             Conj/Fire      10%        2d3       38%         4
 Dispel Undead            Necr           6%         3d8       50%         4
 Petrify                  Tmut/Erth      6%         N/A       50%         4
 Freezing Cloud           Conj/Ice/Air   7%         6-21      52%         5
 Irradiate                Conj/Tmut      5%         3d15      71%         5


Dungeon Overview and Level Annotations

Branches:
Dungeon (9/15)             Temple (1/1) D:5             Orc (2/2) D:9
 Bailey (visited)
   Lair: D:8-11         Elf: Orc:2

Altars:
Ashenzari
Cheibriados
Dithmenos
Elyvilon
Fedhas
Gozag
Hepliaklqana
Kikubaaqudgha
Makhleb
Nemelex Xobeh
Okawaru
Qazlal
Ru
Sif Muna
Trog
Uskayaw
Vehumet
Wu Jian
Xom
Yredelemnul
Zin
The Shining One

Shops:
D:1 (   D:9 *


Innate Abilities, Weirdness & Mutations

You are small and have problems with some larger weapons.
You are completely attuned to the shadows.


Message History

The orc warlord attacks as you move away!
The orc warlord closely misses you.
The orc warlord hits the orc with a +0 war axe!
The orc dies!
The orc throws a boomerang.
You reflect the boomerang off an invisible shield around you!
The boomerang hits the orc.
A warg comes into view.
The orc warlord hits you with a +0 war axe!!
You hear a shout!
You hear a shout!
The orc throws a boomerang.
The boomerang hits you.
An orc warrior comes into view. It is wielding a +0 flail.
You hear a shout!
There is a stone staircase leading up, spattered with blood here.
The orc warlord misses you.
You climb upwards.
There is a stone staircase leading down, spattered with blood here.
Casting: Confusing Touch (safe; 1% risk of failure)
Confirm with . or Enter, or press ? or * to list all spells.
Your hands begin to glow brighter.
The orc warlord barely misses you.
You barely miss the orc warlord.
The orc warlord hits you with a +0 war axe!!
* * * LOW HITPOINT WARNING * * *
You hit the orc warlord but do no damage.
You hit the orc warlord but do no damage.
The orc warlord closely misses you.
You closely miss the orc warlord.
The orc warlord hits you with a +0 war axe.
* * * LOW HITPOINT WARNING * * *
You hit the orc warlord but do no damage.
You hit the orc warlord but do no damage.
The orc warlord hits you with a +0 war axe!
* * * LOW HITPOINT WARNING * * *
You hit the orc warlord but do no damage.
The orc warlord hits you with a +0 war axe.
* * * LOW HITPOINT WARNING * * *
You fade into invisibility!
The orc warlord hits you with a +0 war axe!!
You die...

##...............#
####.#..........######
#...............##.##
##...................#
#.................#.##
##.......[>........##
##.......#.......##
###.....)o)...[....##
##........<@.........##
#....#............)...#
##.####...............##
#...# ###..............#
##.## #........#....##
### ##.#.##.###.###
######## ###


You could see an orc warlord (can't see you).

Vanquished Creatures
  A two-headed ogre (D:8)
  An orc knight (D:9)
  An ugly thing (D:8)
  An orc sorcerer (Orc:2)
  A cyclops (D:9)
  Maurice (Orc:1)
  2 trolls
  A wyvern (D:9)
  Eustachio (D:6)
  2 steam dragons
  2 wargs
  3 water moccasins
  A sky beast (D:8)
  23 orc warriors
  4 ice beasts
  A black bear (D:5)
  2 ogres
  10 centaurs
  A phantom (D:5)
  A kobold brigand (D:4)
  6 bullfrogs
  A gnoll sergeant (D:9)
  5 scorpions
  A howler monkey (D:4)
  A hound (D:5)
  3 jellies
  11 orc priests
  A gnoll shaman (D:7)
  Jessica (D:2)
  2 iguanas
  14 orc wizards
  A mummy (D:6)
  12 adders
  13 gnolls
  2 shadow imps (D:7)
  A white imp (D:8)
  2 worms (D:2)
  6 dart slugs
  55 orcs
  4 endoplasms (D:1)
  2 giant cockroaches
  6 goblins
  8 hobgoblins
  6 jackals
  5 quokkas
  14 ball pythons
  4 bats
  A hobgoblin zombie (D:6)
  13 kobolds
  2 kobold zombies (D:6)
  An orc zombie (D:6)
  2 rats
266 creatures vanquished.

Vanquished Creatures (collateral kills)
  2 orc warriors (Bailey)
  A centaur (Bailey)
  5 orcs
8 creatures vanquished.

Vanquished Creatures (others)
  A dancing weapon (Bailey)
  2 orcs (Orc:2)
  2 plants (D:2)
5 creatures vanquished.

Grand Total: 279 creatures vanquished

Notes
Turn   | Place    | Note
-------+----------+-------------------------------------------
     0 | D:1      | happo123 the Kobold Enchanter began the quest for the Orb.
     0 | D:1      | Reached XP level 1. HP: 10/10 MP: 3/3
   243 | D:1      | Reached XP level 2. HP: 13/15 MP: 5/5
   246 | D:1      | Learned a level 2 spell: Ensorcelled Hibernation
   540 | D:1      | Reached XP level 3. HP: 10/20 MP: 0/6
  1325 | D:1      | Found Xoikk's Weapon Emporium.
  1399 | D:2      | Learned a level 3 spell: Confusing Touch
  1434 | D:2      | Reached skill level 1 in Fighting
  1434 | D:2      | Reached XP level 4. HP: 25/25 MP: 7/7
  1567 | D:2      | Noticed Jessica
  1575 | D:2      | Killed Jessica
  1722 | D:2      | Found a faded altar of an unknown god.
  2035 | D:2      | Reached XP level 5. HP: 29/29 MP: 3/8
  2039 | D:2      | Learned a level 3 spell: Tukima's Dance
  3788 | D:4      | Reached XP level 6. HP: 35/35 MP: 7/10
  4040 | D:4      | Reached skill level 5 in Stealth
  4793 | D:5      | Entered Level 5 of the Dungeon
  4929 | D:5      | Reached XP level 7. HP: 39/40 MP: 4/12
  4997 | D:5      | Found a staircase to the Ecumenical Temple.
  5002 | Temple   | Entered the Ecumenical Temple
  5223 | Temple   | Became a worshipper of Dithmenos the Shadowed
  5574 | D:5      | Reached skill level 5 in Hexes
  5985 | D:5      | Reached skill level 1 in Invocations
  5985 | D:5      | Reached XP level 8. HP: 46/46 MP: 13/13
  6505 | D:6      | Reached skill level 1 in Ice Magic
  7167 | D:6      | Reached * piety under Dithmenos
  7238 | D:6      | Reached skill level 5 in Dodging
  7238 | D:6      | Reached XP level 9. HP: 52/52 MP: 11/15
  7242 | D:6      | Learned a level 3 spell: Dazzling Flash
  7270 | D:6      | Found a sacrificial altar of Ru.
  7316 | D:6      | Reached skill level 5 in Short Blades
  7345 | D:6      | Noticed Eustachio
  7357 | D:6      | Killed Eustachio
  7819 | D:7      | Found a flagged portal.
  7829 | Bailey   | Entered a bailey
  8787 | Bailey   | Reached ** piety under Dithmenos
  8915 | Bailey   | Reached skill level 5 in Spellcasting
  8915 | Bailey   | Reached XP level 10. HP: 19/58 MP: 4/17
  9317 | Bailey   | Reached skill level 5 in Fighting
  9619 | Bailey   | Identified the +0 robe of the Loofah {rC+++ Str-5 Int-5}
 10664 | D:8      | Noticed a cyan ugly thing
 10681 | D:8      | Killed a cyan ugly thing
 10798 | D:8      | Reached *** piety under Dithmenos
 10997 | D:8      | Noticed a two-headed ogre
 11007 | D:8      | Killed a two-headed ogre
 11008 | D:8      | Reached skill level 5 in Invocations
 11008 | D:8      | Reached XP level 11. HP: 53/64 MP: 15/19
 11670 | D:9      | Noticed a cyclops
 11673 | D:9      | Killed a cyclops
 11683 | D:9      | Found a staircase to the Orcish Mines.
 11694 | D:9      | Reached skill level 1 in Conjurations
 11948 | D:9      | Found Ovoom's General Store.
 12591 | Orc:1    | Entered Level 1 of the Orcish Mines
 12630 | D:9      | Reached **** piety under Dithmenos
 12683 | Orc:1    | Noticed an orc knight
 12738 | D:9      | Killed an orc knight
 12833 | Orc:1    | Noticed Maurice
 12837 | Orc:1    | Killed Maurice
 12945 | Orc:2    | Entered Level 2 of the Orcish Mines
 12965 | Orc:1    | Noticed an orc knight
 12978 | Orc:1    | Noticed an orc sorcerer
 13002 | Orc:1    | Noticed an orc sorcerer
 13002 | Orc:1    | Noticed an orc sorcerer
 13118 | Orc:2    | Paralysed by an orc sorcerer for 3 turns
 13125 | Orc:2    | Killed an orc sorcerer
 13126 | Orc:2    | Reached skill level 1 in Armour
 13126 | Orc:2    | Reached skill level 5 in Ice Magic
 13170 | Orc:2    | Noticed an orc warlord
 13291 | Orc:1    | Demolished by an orc warlord

Illustrated notes

Levels and vault maps discovered:
D:1:      psy_arrival_statuary, layout_basic, serial_shops,
          nicolae_shop_bloodbath_and_beyond, supply_closet_lemuel
D:2:      minmay_razor_zed, layout_basic, shapermc_ecumenical_altar_hornbeckon,
          uniq_jessica
D:3:      layout_loops_ring
D:4:      cheibrodos_thug_alley, layout_basic, corner_web_ring
D:5:      layout_basic, minmay_temple_entry_proselytizer
D:6:      layout_gridville, mainiacjoe_overflow_small_starburst,
          minmay_misc_feat_roman, minmay_mini_ossuary, uniq_eustachio
D:7:      kennysheep_six_static_rooms, layout_gridville, enter_bailey_6
D:8:      minmay_chambers_of_fours, layout_basic
D:9:      layout_cave_pools, david_orc_3, serial_shops, shop,
          dreamdust_deal_with_the_devil, kennysheep_cross_bottleneck,
          chequers_hall_statues_y
Temple:   mainiacjoe_temple_trianglar_array
Orc:1:    layout_caves, led_sif_book, uniq_maurice
Orc:2:    st_orc_ogre_mass, layout_diamond_mine

Skill      XL: |  1  2  3  4  5  6  7  8  9 10 11 |
---------------+----------------------------------+-----
Short Blades   | 2 3 4 5 7 |  7.9
Fighting       | 1 2 3 4 5 6 |  6.5
Dodging        | 3 4 5 6 7 |  7.6
Hexes          | 4 5 6 7 8 9 |  9.3
Spellcasting   | 3 4 5 6 |  6.4
Stealth        | 5 6 7 8 9 |  9.4
Invocations    | 1 2 3 5 |  5.8
Ice Magic      | 1 3 4 5 |  5.0
Conjurations   | 2 |  2.0
Armour         | 1 |  1.2

Action                   |  1- 3 |  4- 6 |  7- 9 | 10-12 || total
-------------------------+-------+-------+-------+-------++-------
Melee: Dagger            |    70 |   144 |   228 |   273 ||   715
       Short sword       |       |    10 |       |       ||    10
       Punch             |       |     4 |     6 |     1 ||    11
 Cast: Ensorcelled Hiber |    18 |    42 |    72 |    70 ||   202
       Confusing Touch   |       |     1 |    10 |    30 ||    41
       Tukima's Dance    |       |       |    13 |     4 ||    17
       Dazzling Flash    |       |       |       |     1 ||     1
Invok: Shadow Step       |       |       |       |     1 ||     1
  Use: Scroll            |       |       |     7 |     9 ||    16
       Potion            |       |       |     1 |     1 ||     2
 Stab: Sleeping          |    19 |    41 |    52 |    76 ||   188
       Confused          |       |     1 |     9 |    23 ||    33
       Distracted        |       |       |     2 |     1 ||     3
Armor: Robe              |    10 |    45 |    48 |    25 ||   128
       Troll leather arm |       |       |       |    31 ||    31
Dodge: Dodged            |    51 |    86 |   205 |   192 ||   534
Block: Other             |       |    18 |    54 |    25 ||    97
       Orb               |       |       |       |    23 ||    23
       Reflection        |       |       |       |     1 ||     1

Table legend: (Time is in decaauts)
 A = Elapsed time spent in this place.
 B = Non-inter-level travel time spent in this place.
 C = Inter-level travel time spent in this place.
 D = Time resting spent in this place.
 E = Time spent auto-exploring this place.
 F = Levels seen in this place.
 G = Mean time per level.
                   A        B        C        D        E       F      G
               +--------+--------+--------+--------+--------+-----+--------+
         Total |  13120 |  12443 |    677 |   1621 |   8376 |  13 | 1009.2 |
       Dungeon |  10207 |   9703 |    504 |    361 |   7788 |   9 | 1134.1 |
        Temple |    488 |    466 |     22 |      0 |    463 |   1 |  488.0 |
  Orcish Mines |    522 |    371 |    151 |    164 |      0 |   2 |  261.0 |
        Bailey |   1902 |   1902 |      0 |   1096 |    125 |   1 | 1902.0 |
               +--------+--------+--------+--------+--------+-----+--------+

Top non-repeatable levels by time:
  Bailey: 1902 daAuts
     D:2: 1497 daAuts
     D:1: 1388 daAuts
     D:6: 1347 daAuts
     D:5: 1123 daAuts
     D:9: 1106 daAuts
     D:4: 1087 daAuts
     D:8: 1002 daAuts
     D:7: 847 daAuts
     D:3: 806 daAuts
  Temple: 488 daAuts
   Orc:1: 293 daAuts
   Orc:2: 228 daAuts
